Map: [ESL] Hardwire

Players

Cyan

  • Race: Protoss Protoss

herO - Winner!

  • Race: Protoss Protoss

Event: IEM Katowice 2022

VOD

Have the link to the VOD?

Description

Time

  • Played on: Feb. 23, 2022, 10:02 a.m.
  • Length: 9:46

All games in this series

Show
View Real Time Build Order
Export as new Build Order

Cyan Protoss 

Build Orders: Blink Stalkers, Dark Templar Rush 

Get SALT Encoding   

  12  0:00  Probe  
  13  0:12  Probe  
  14  0:17  Pylon  
  14  0:24  Probe (Chrono Boost)  
  15  0:36  Probe (Chrono Boost)  
  15  0:37  Gateway  
  16  0:44  Probe (Chrono Boost)  
  16  0:46  Assimilator  
  17  0:51  Probe  
  17  0:54  Assimilator  
  18  1:03  Probe (Chrono Boost)  
  19  1:08  Gateway  
  19  1:14  Probe (Chrono Boost)  
  20  1:19  Probe (Chrono Boost)  
  20  1:25  Cybernetics Core  
  21  1:30  Probe  
  22  1:38  Pylon  
  22  1:42  Probe  
  23  1:56  Probe  
  18  2:01  Stalker x2, Warp Gate (Chrono Boost)  
  28  2:12  Pylon  
  28  2:24  Twilight Council  
  28  2:28  Probe  
  28  2:42  Sentry  
  28  2:43  Stalker  
  32  3:03  Nexus  
  32  3:13  Dark Shrine  
  32  3:16  Probe  
  33  3:29  Probe  
  33  3:33  Pylon  
  34  3:39  Blink  
  34  3:41  Probe  
  35  3:53  Probe (Chrono Boost), Adept  
  35  3:55  Adept  
  40  4:05  Probe (Chrono Boost)  
  41  4:13  Robotics Facility  
  41  4:14  Probe (Chrono Boost)  
  43  4:17  Probe (Chrono Boost)  
  43  4:22  Shield Battery  
  42  4:25  Probe (Chrono Boost)  
  42  4:27  Probe (Chrono Boost)  
  43  4:32  Probe (Chrono Boost)  
  43  4:33  Probe (Chrono Boost)  
  43  4:37  Stalker x2  
  47  4:43  Probe (Chrono Boost)  
  49  4:45  Probe (Chrono Boost)  
  49  4:47  Probe (Chrono Boost)  
  49  4:48  Pylon  
  49  4:52  Gateway  
  50  4:54  Probe  
  51  5:00  Probe  
  51  5:01  Observer  
  51  5:02  Sentry  
  51  5:05  Stalker  
  51  5:07  Probe  
  58  5:12  Probe  
  59  5:14  Assimilator  
  59  5:17  Forge  
  59  5:19  Pylon, Probe  
  60  5:24  Probe  
  61  5:37  Immortal  
  61  5:38  Pylon  
  61  5:42  Stalker x2  
  69  5:46  Protoss Ground Weapons Level 1 (Chrono Boost)  
  69  5:49  Pylon  
  69  6:04  Nexus  
  69  6:07  Stalker x2  
  69  6:11  Stalker  
  75  6:15  Probe x2  
  77  6:22  Immortal  
  81  6:27  Probe  
  81  6:30  Probe  
  83  6:35  Gateway  
  83  6:36  Stalker  
  83  6:39  Probe  
  86  6:47  Pylon  
  86  6:50  Gateway x2  
  86  6:53  Shield Battery  
  86  6:59  Shield Battery  
  86  7:08  Stalker x2, Sentry  
  86  7:26  Immortal  
  86  7:28  Probe (Chrono Boost)  
  93  7:30  Stalker  
  93  7:32  Probe x2 (Chrono Boost)  
  93  7:33  Stalker x2  
  93  7:36  Stalker  
  102  7:38  Probe (Chrono Boost)  
  102  7:40  Assimilator  
  102  7:41  Probe (Chrono Boost)  
  103  7:46  Probe  
  103  7:48  Probe  
  105  7:51  Gateway  
  105  7:57  Gateway  
  105  7:59  Probe  
  105  8:01  Warp Prism (Chrono Boost)  
  105  8:03  Probe  
  109  8:10  Pylon  
  109  8:11  Pylon  
  109  8:27  Photon Cannon  
  109  8:28  Probe  
  109  8:29  Pylon  
  109  8:32  Stalker x3  
  115  8:39  Stalker x3  
  119  8:55  Stalker x3  
  103  9:01  Stalker x2  
  83  9:06  Stalker x3  
  69  9:21  Stalker x3  
  69  9:30  Stalker x3  
  72  9:32  Stalker  
  72  9:35  Stalker  
Show
View Real Time Build Order
Export as new Build Order

herO Protoss - Winner!

Build Orders: Phoenix Opening 

Get SALT Encoding   

  12  0:00  Probe  
  13  0:12  Probe  
  14  0:17  Pylon  
  14  0:24  Probe (Chrono Boost)  
  16  0:36  Gateway, Probe (Chrono Boost)  
  16  0:43  Probe (Chrono Boost)  
  16  0:46  Assimilator  
  17  0:50  Probe  
  18  1:03  Probe (Chrono Boost)  
  19  1:04  Assimilator  
  19  1:10  Gateway  
  19  1:12  Probe (Chrono Boost)  
  19  1:17  Probe (Chrono Boost)  
  20  1:25  Cybernetics Core  
  21  1:29  Probe  
  22  1:36  Pylon  
  22  1:41  Probe  
  23  1:54  Probe  
  24  2:00  Warp Gate (Chrono Boost)  
  24  2:01  Stalker, Sentry  
  28  2:11  Pylon  
  28  2:15  Shield Battery  
  28  2:27  Pylon  
  28  2:28  Sentry  
  30  2:31  Stalker  
  30  2:35  Phoenix  
  31  2:45  Nexus  
  31  2:54  Sentry  
  33  3:01  Stalker  
  33  3:02  Shield Battery  
  35  3:10  Pylon, Phoenix  
  35  3:11  Probe  
  36  3:23  Probe  
  36  3:24  Twilight Council  
  37  3:35  Probe (Chrono Boost)  
  37  3:38  Phoenix  
  38  3:42  Robotics Facility  
  38  3:47  Probe (Chrono Boost)  
  39  3:54  Probe (Chrono Boost)  
  40  3:57  Probe (Chrono Boost)  
  42  4:05  Blink  
  42  4:06  Probe x2 (Chrono Boost)  
  43  4:11  Probe (Chrono Boost)  
  43  4:14  Probe  
  45  4:22  Stalker  
  47  4:27  Stalker  
  48  4:32  Probe x2  
  48  4:38  Observer  
  51  4:44  Probe x2  
  53  4:46  Nexus  
  53  4:51  Pylon  
  53  4:56  Probe x2  
  55  5:02  Assimilator  
  55  5:07  Stalker x2  
  55  5:11  Probe x2  
  61  5:20  Immortal (Chrono Boost)  
  65  5:25  Pylon  
  65  5:26  Probe  
  65  5:28  Probe  
  67  5:31  Phoenix  
  67  5:38  Probe  
  67  5:40  Pylon, Probe  
  69  5:50  Immortal (Chrono Boost), Probe  
  69  5:52  Probe  
  75  5:58  Gateway  
  75  5:59  Probe  
  75  6:04  Gateway  
  76  6:05  Shield Battery  
  76  6:06  Probe x2 (Chrono Boost)  
  78  6:11  Probe (Chrono Boost)  
  78  6:13  Stalker x2  
  83  6:20  Probe x2 (Chrono Boost)  
  83  6:23  Probe (Chrono Boost)  
  83  6:24  Forge  
  83  6:25  Charge  
  86  6:29  Probe x3 (Chrono Boost)  
  89  6:35  Stalker x2  
  89  6:40  Stalker x2  
  89  6:42  Probe x2  
  89  6:43  Probe  
  95  6:47  Warp Prism  
  95  6:49  Pylon  
  95  6:52  Gateway  
  97  6:55  Protoss Ground Weapons Level 1 (Chrono Boost)  
  97  6:56  Gateway  
  97  7:00  Probe  
  98  7:10  Stalker x3  
  98  7:11  Stalker  
  106  7:23  Probe x3  
  106  7:26  Nexus  
  106  7:27  Pylon  
  109  7:30  Pylon  
  109  7:31  Pylon  
  109  7:36  Gateway  
  109  7:37  Gateway  
  109  7:39  Gateway  
  109  7:45  Observer  
  109  7:47  Photon Cannon  
  109  7:48  Photon Cannon  
  110  7:52  Photon Cannon  
  110  7:57  Templar Archives, Observer  
  110  8:00  Zealot x3  
  110  8:04  Probe x2  
  110  8:05  Probe  
  119  8:10  Stalker  
  119  8:11  Stalker x2  
  125  8:14  Pylon  
  125  8:16  Pylon  
  126  8:20  Zealot, Observer  
  126  8:21  Zealot  
  130  8:38  Stalker x7  
  130  8:41  Zealot  
  128  8:59  Zealot  
  128  9:01  Zealot x8  
  134  9:06  Immortal  
  128  9:20  Photon Cannon  
  128  9:26  Zealot x9  

Tags
 
Add a new tag
Caveats
  • Supply blocks, unpowered buildings, or Contaminate may cause inaccurate times.
  • Supply counts are checked every 10 seconds.